cohdb
Replays
Latest Replays
All Replays
Popular Replays
Top Player Replays
Match Explorer
How It Works
Community
CoH3 Stats
Reddit
Sign in to upload your games and track your stats! →
Sign in with Steam
Match 32579825
Unlisted
Match 32579825
Overview
Messages
Build Orders
End
Selects Advanced Infantry Battlegroup
Construct Barracks
Engineer Squad
Riflemen Squad
Riflemen Squad
Riflemen Squad
Selects Convert to Ranger Squad
Convert to Ranger Squad
Infantry Support Center
Construct Medical Station
Selects Designate Assault Position
Construct Motor Pool
Selects Infantry Assault
M24 Chaffee Light Tank
M8 Greyhound Armored Car
Selects Ammunition Storage
Selects M2A1 105mm Howitzer Emplacement
Engineer Squad
Selects Free Fire Drills
Designate Assault Position
.30 cal Machine Gun
Construct Tank Depot
M1 Anti-tank Gun Team
Grenade Package
M4A1 Sherman Medium Tank
Infantry Assault
Ranger Squad
M4(105) Sherman Bulldozer
AI Takeover
companyHOLLAND
MaXiS
0
0
Comments
sign in to comment!
No comments posted yet!